 Dungeon Crawl Stone Soup version 0.31-a0-1591-g515db51633 (webtiles) character file.

Game seed: 9810120853748444192

8894 MisterFreud the Mimic (level 11, -2/84 HPs)
             Began as a White Draconian Shapeshifter on Jan 6, 2024.
             Was an Elder of Ru.
             Killed from afar by an electric eel (11 damage)
             ... with a bolt of electricity
             ... on level 10 of the Dungeon.
             The game lasted 00:11:00 (9043 turns).

MisterFreud the Mimic (DrSh)                        Turns: 9043, Time: 00:11:02

Health: -2/84      AC:  7    Str: 16    XL:     11   Next: 15%
Magic:  11/11      EV: 36    Int: 10    God:    Ru [****..]
Gold:   527        SH:  0    Dex: 22    Spells: 10/10 levels left

rFire   x . .        d - +6 eveningstar of Xousaphou {distort, rC++ Dex+6}
rCold   + + .        (no shield)
rNeg    . . .        (body armour unavailable)
rPois   .            (helmet currently unavailable)
rElec   .            (cloak currently unavailable)
rCorr   .            (gloves currently unavailable)
SInv    .            (boots currently unavailable)
Will    .....        s - amulet of the acrobat
Stlth   ++           n - +5 ring of evasion
HPRegen 0.34/turn    v - +4 ring of slaying
MPRegen 0.12/turn

%: acrobat
@: beast-form, acrobatic
A: beast (slay +4), breathe frost, AC +7, unfitting armour, cold resistance 1,
cold-blooded, inability to use devices, temperature sensitive
a: Breathe Frost, Begin Untransformation, Renounce Religion, Draw Out Power,
Power Leap


You were on level 10 of the Dungeon.
You worshipped Ru.
Ru was greatly pleased with you.
You were a hulking beast.
You visited 2 branches of the dungeon, and saw 11 of its levels.

You collected 527 gold pieces.

Inventory:

Hand Weapons
 d - the +6 eveningstar of Xousaphou (weapon) {distort, rC++ Dex+6}
   (You acquired it on level 1 of the Dungeon)

   Dex+6:     It affects your dexterity (+6).
   rC++:      It greatly protects you from cold.
Missiles
 A - a throwing net
Jewellery
 f - an amulet of magic regeneration
 m - a +6 ring of dexterity
 n - a +5 ring of evasion (left hand)
 s - an amulet of the acrobat (around neck)
 t - a ring of ice
 v - a +4 ring of slaying (right hand)
Talismans
 b - a beast talisman
 c - a flux talisman
Scrolls
 g - 2 scrolls of teleportation
 i - a scroll of torment
 l - a scroll of identify
 p - 3 scrolls of amnesia
 r - 2 scrolls of poison
 x - a scroll of immolation
 z - a scroll of fog
Potions
 a - a potion of lignification
 e - 6 potions of curing
 h - a potion of invisibility
 j - 3 potions of mutation
 k - a potion of haste {unknown}
 o - a potion of resistance {unknown}
 q - a potion of attraction {unknown}
 u - a potion of cancellation {unknown}
 w - a potion of brilliance {unknown}
 B - a potion of enlightenment {unknown}


   Skills:
 - Level 4.0 Fighting
 - Level 10.0 Maces & Flails
 - Level 6.0 Dodging
 - Level 3.7 Unarmed Combat
 + Level 11.6 Shapeshifting


You had 10 spell levels left.
You didn't know any spells.
Your spell library contained the following spells:

 Spells                   Type           Power      Damage    Failure   Level
 Magic Dart               Conj           0%         1d3       36%         1
 Slow                     Hex            0%         N/A       36%         1
 Blink                    Tloc           0%         N/A       50%         2
 Call Imp                 Summ           0%         N/A       50%         2
 Dazzling Flash           Conj/Hex       0%         N/A       75%         3
 Inner Flame              Hex/Fire       0%         N/A       75%         3
 Vampiric Draining        Necr           0%         2d6       75%         3


Dungeon Overview and Level Annotations

Branches:
Dungeon (10/15)            Temple (1/1) D:4
   Lair: D:8-11         Orc: D:9-12

Altars:
Ashenzari
Cheibriados
Dithmenos
Elyvilon
Fedhas
Gozag
Hepliaklqana
Kikubaaqudgha
Makhleb
Nemelex Xobeh
Okawaru
Qazlal
Ru
Sif Muna
Trog
Uskayaw
Vehumet
Wu Jian
Xom
Yredelemnul
Zin
The Shining One

Shops:
D:4 =   D:9 :

Portals:
Trove: D:10 (give 15 potions of curing)

Annotations:
Abyss:1 Psyche


Innate Abilities, Weirdness & Mutations

You are a hulking beast.
Your limbs bulge with bestial killing power. (Slay +4)
You can breathe waves of freezing cold which knock back foes.
Your icy white scales are hard. (AC +7)
You cannot fit into any form of body armour.
Your flesh is cold resistant. (rC+)
You are cold-blooded and may be slowed by cold attacks.
You cannot study or use magical devices.
You are sensitive to extremes of temperature. (rF-, rC-)


Message History

The electric eel shoots out a bolt of lightning at you!
The bolt of electricity misses you.
The electric eel shoots out a bolt of lightning at you!
The bolt of electricity hits the electric eel.
The electric eel completely resists.
The bolt of electricity misses you.
You closely miss the electric eel.
The electric eel is heavily wounded.
The electric eel shoots out a bolt of lightning at you!
The bolt of electricity hits the electric eel.
The electric eel completely resists.
The bolt of electricity misses you.
An orc comes into view. It is wielding a +0 falchion.
A gnoll comes into view. It is wielding a +0 club.
The gnoll shouts!
You hear a shout! x4
The orc closely misses you.
The electric eel shoots out a bolt of lightning at you!
The bolt of electricity hits the electric eel.
The electric eel completely resists.
The bolt of electricity misses you.
An ogre comes into view. It is wielding a +0 giant club.
The ogre shouts!
You hear a shout! x3
The orc completely misses you.
The electric eel shoots out a bolt of lightning at you!
The bolt of electricity hits the electric eel.
The electric eel completely resists.
The bolt of electricity hits you.
* * * LOW HITPOINT WARNING * * *
An ogre comes into view. It is wielding a +0 giant spiked club.
The gnoll completely misses you. The orc misses you.
A gnoll sergeant comes into view. It is wielding a +0 spear.
The electric eel shoots out a bolt of lightning at you!
The bolt of electricity hits you!
* * * LOW HITPOINT WARNING * * *
An orc comes into view. It is wielding a +0 dagger.
The electric eel shoots out a bolt of lightning at you!
The bolt of electricity hits the electric eel.
The electric eel completely resists.
The bolt of electricity misses you. The gnoll hits you with a +0 club.
* * * LOW HITPOINT WARNING * * *
The electric eel shoots out a bolt of lightning at you!
The bolt of electricity hits the electric eel.
The electric eel completely resists.
The bolt of electricity hits you!
You die...

#...#..........# ~~
####
#...#..........###~~
...#
#....#.##.######~~##
...# #.........#
##~~~~### ...#
#.....#.######~~~~~~..
...#
#..........##~~~~~~~~#
...#
#....#.###.#~)~~~~~~~~
...# #...
#..##.~~~~~~S~~~~ ####
#.. ##....h~S~~~~~~~~
#. ####.#gO######## #
#....oOg # ###..###o#
# ...# # ....# #
.....# # . .....# #
###..


You could see 2 ogres, a gnoll sergeant, 2 electric eels, a gnoll and 2 orcs.

Vanquished Creatures
  A two-headed ogre (D:10)
  A sixfirhy (D:9)
  A gargoyle (D:10)
  2 trolls
  A ynoxinul (D:9)
  Sigmund (D:3)
  A wyvern (D:7)
  A wraith (D:9)
  8 yaks
  A chaos spawn (D:9)
  An acid dragon (D:9)
  4 water moccasins
  An orc warrior (D:9)
  A sky beast (D:7)
  2 black bears
  2 ogres
  An ice beast (D:8)
  A laughing skull (D:9)
  6 centaurs
  A phantom (D:7)
  A kobold brigand (D:9)
  A bullfrog (D:8)
  2 gnoll sergeants
  16 wights
  3 killer bees (D:9)
  2 bombardier beetles
  3 orc priests
  3 jellies
  2 sleepcaps
  A gnoll bouda (D:7)
  3 hounds
  Jessica (D:2)
  Terence (D:3)
  2 orc wizards (D:9)
  An iguana (D:5)
  17 gnolls
  4 adders
  3 white imps
  4 ufetubi
  A ribbon worm (D:2)
  11 dart slugs
  15 orcs
  8 ball pythons
  6 bats
  4 endoplasms
  2 giant cockroaches (D:2)
  A goblin (D:4)
  7 hobgoblins
  8 jackals
  6 quokkas
  A frilled lizard (D:3)
  14 kobolds
  4 rats
196 creatures vanquished.

Notes
Turn   | Place    | Note
-------+----------+-------------------------------------------
     0 | D:1      | MisterFreud the Draconian Shapeshifter began the quest for
                  | the Orb.
     0 | D:1      | Reached XP level 1. HP: 16/16 MP: 1/1
   184 | D:1      | Reached XP level 2. HP: 23/23 MP: 2/2
   404 | D:1      | Reached XP level 3. HP: 29/29 MP: 3/3
   705 | D:1      | Identified a scroll of acquirement
   705 | D:1      | Acquired the +6 eveningstar of Xousaphou {distort, rC++
                  | Dex+6}
   747 | D:2      | Noticed Jessica
   752 | D:2      | Killed Jessica
   840 | D:2      | Found a faded altar of an unknown god.
   865 | D:2      | Found an iron altar of Okawaru.
   954 | D:2      | Reached XP level 4. HP: 37/37 MP: 4/4
  1409 | D:2      | Reached skill level 1 in Maces & Flails
  1755 | D:3      | Reached XP level 5. HP: 43/45 MP: 5/5
  1895 | D:3      | Noticed Sigmund
  1907 | D:3      | Killed Sigmund
  1908 | D:3      | Reached XP level 6. HP: 35/52 MP: 6/6
  2003 | D:3      | Noticed Terence
  2007 | D:3      | Killed Terence
  2877 | D:4      | Found a staircase to the Ecumenical Temple.
  2888 | Temple   | Entered the Ecumenical Temple
  2897 | Temple   | Became a worshipper of Ru the Awakened
  3292 | D:4      | Reached skill level 5 in Maces & Flails
  3292 | D:4      | Your scales start taking on an icy white colour.
  3292 | D:4      | Reached XP level 7. HP: 59/59 MP: 7/7
  3292 | D:4      | Gained mutation: Your flesh is cold resistant. (rC+) [White
                  | Draconian growth]
  3464 | D:4      | Found Ydotz's Jewellery Shop.
  3536 | D:5      | Entered Level 5 of the Dungeon
  3879 | D:5      | Identified the +6 short sword "Opaxokli" {venom, rElec rC+
                  | rCorr Str-4}
  3927 | D:5      | Gained mutation: You are sensitive to extremes of
                  | temperature. (rF-, rC-) [Ru sacrifice]
  3927 | D:5      | Reached * piety under Ru
  3927 | D:5      | Reached ** piety under Ru
  4516 | D:6      | Reached XP level 8. HP: 63/66 MP: 8/8
  5267 | D:7      | Reached skill level 10 in Maces & Flails
  5436 | D:7      | Reached skill level 4 in Shapeshifting
  5558 | D:7      | Reached XP level 9. HP: 63/71 MP: 9/9
  6006 | D:7      | Found a sparkling altar of Nemelex Xobeh.
  6007 | D:7      | Found a glowing golden altar of the Shining One.
  6008 | D:7      | Found a shimmering blue altar of Sif Muna.
  6138 | D:8      | Got the Octavo of Ghoulish Hexing
  6358 | D:8      | Reached skill level 5 in Dodging
  6359 | D:8      | Reached skill level 5 in Shapeshifting
  6653 | D:8      | Gained mutation: You cannot study or use magical devices.
                  | [Ru sacrifice]
  6653 | D:8      | Reached *** piety under Ru
  6653 | D:8      | Reached **** piety under Ru
  6959 | D:8      | Reached skill level 6 in Shapeshifting
  7078 | D:9      | Noticed a troll
  7078 | D:9      | Found Keumol's Book Boutique.
  7085 | D:9      | Killed a troll
  7086 | D:9      | Reached skill level 7 in Shapeshifting
  7089 | D:9      | Reached XP level 10. HP: 57/78 MP: 10/10
  7233 | D:9      | Noticed a sixfirhy
  7249 | D:9      | Killed a sixfirhy
  7250 | D:9      | Reached skill level 8 in Shapeshifting
  7544 | D:9      | Reached skill level 9 in Shapeshifting
  7574 | D:9      | Noticed a sixfirhy
  7849 | D:9      | Banished a sixfirhy
  7850 | D:9      | Reached skill level 10 in Shapeshifting
  8559 | D:10     | Entered Level 10 of the Dungeon
  8612 | D:10     | Reached skill level 11 in Shapeshifting
  8638 | D:10     | Found a portal to a secret trove of treasure.
  8646 | D:10     | Reached XP level 11. HP: 84/84 MP: 11/11
  8646 | D:10     | Noticed a death yak
  8646 | D:10     | Noticed a death yak
  8646 | D:10     | Noticed a death yak
  8646 | D:10     | Noticed a death yak
  8646 | D:10     | Noticed a death yak
  8665 | D:10     | HP: 3/84 [death yak (6)]
  8982 | D:10     | Noticed a two-headed ogre
  8984 | D:10     | Noticed Psyche
  8986 | D:10     | Killed a two-headed ogre
  8989 | D:10     | Banished Psyche
  9043 | D:10     | Killed from afar by an electric eel

Illustrated notes

Levels and vault maps discovered:
D:1:      grunt_arrival_lava_bath, layout_loops_ring, minmay_pentomino_z2
D:2:      layout_basic, basic_altar, shapermc_ecumenical_altar_pompeii,
          uniq_jessica
D:3:      layout_basic, serial_bayou_ford_a, uniq_sigmund, uniq_terence
D:4:      kennysheep_slugbush, layout_basic, minmay_temple_entry_waves,
          serial_shops, kennysheep_mini
D:5:      layout_loops_corners, serial_bayou_lagoon_a,
          chequers_serial_rivers_room_a
D:6:      layout_loops_ring
D:7:      layout_basic, minitemple
D:8:      layout_basic
D:9:      layout_loops_ring, serial_shops, shop, serial_demonic,
          serial_demonic_g, serial_demonic_e, serial_demonic_b,
          serial_demonic_b, minmay_microvault
D:10:     layout_basic, dpeg_lair_monsters,
          kennysheep_orc_monster_closet_entryway, enter_trove_0, uniq_psyche
Temple:   nicolae_temple_bog_church

Skill      XL: |  1  2  3  4  5  6  7  8  9 10 |
---------------+-------------------------------+-----
Fighting       | 2 3 4 |  4.0
Maces & Flails | 1 3 5 7 10 | 10.0
Dodging        | 3 6 |  6.0
Shapeshifting  | 4 7 11 | 11.6
Unarmed Combat | |  3.7

Action                     |  1- 3 |  4- 6 |  7- 9 | 10-12 || total
---------------------------+-------+-------+-------+-------++-------
  Melee: Unarmed           |    77 |       |       |       ||    77
         Tailslap          |    11 |     8 |    16 |    19 ||    54
         Punch             |     1 |     1 |     2 |     4 ||     8
         Eveningstar       |     6 |    82 |   138 |   133 ||   359
 Invoke: Sacrifice Resista |       |       |     1 |       ||     1
         Sacrifice Artific |       |       |     1 |       ||     1
    Use: Scroll            |     3 |     7 |     6 |     3 ||    19
         Potion            |       |       |       |     2 ||     2
   Stab: Sleeping          |       |     2 |     2 |       ||     4
 Armour: Skin              |    43 |    45 |    52 |    53 ||   193
  Dodge: Dodged            |    56 |    61 |   108 |   149 ||   374

Table legend: (Time is in decaauts)
 A = Elapsed time spent in this place.
 B = Non-inter-level travel time spent in this place.
 C = Inter-level travel time spent in this place.
 D = Time resting spent in this place.
 E = Time spent auto-exploring this place.
 F = Levels seen in this place.
 G = Mean time per level.
                   A        B        C        D        E       F      G
               +--------+--------+--------+--------+--------+-----+--------+
         Total |   9132 |   8912 |    220 |    701 |   6895 |  11 |  830.2 |
       Dungeon |   9113 |   8909 |    204 |    701 |   6895 |  10 |  911.3 |
        Temple |     18 |      2 |     16 |      0 |      0 |   1 |   18.0 |
               +--------+--------+--------+--------+--------+-----+--------+

Top non-repeatable levels by time:
     D:9: 1658 daAuts
     D:3: 1105 daAuts
     D:8: 980 daAuts
     D:2: 964 daAuts
     D:6: 864 daAuts
     D:7: 860 daAuts
     D:5: 856 daAuts
     D:4: 786 daAuts
     D:1: 723 daAuts
    D:10: 314 daAuts
  Temple: 18 daAuts
